 Dungeon Crawl Stone Soup version 0.24-a0-528-g98e85ec62a (webtiles) character file.

Game seed: 7690601633286208628

35 Mithandil the Skirmisher (level 3, -2/33 HPs)
             Began as a Hill Orc Abyssal Knight on Aug 6, 2019.
             Was a Follower of Lugonu.
             Slain by a kobold (4 damage)
             ... on level 2 of the Dungeon.
             The game lasted 00:03:50 (833 turns).

Mithandil the Skirmisher (Hill Orc Abyssal Knight)   Turns: 833, Time: 00:03:52

Health: -2/33      AC:  3    Str: 14    XL:     3   Next: 35%
Magic:  4/4        EV: 11    Int: 12    God:    Lugonu [*.....]
Gold:   9          SH:  0    Dex: 11    Spells: 2/2 levels left

rFire    . . .     SeeInvis .   a - +1 falchion
rCold    . . .     Gourm    .   (no shield)
rNeg     . . .     Faith    .   b - +0 leather armour
rPois    .         Spirit   .   (no helmet)
rElec    .         Reflect  .   (no cloak)
rCorr    .         Harm     .   (no gloves)
MR       .....                  (no boots)
Stlth    +.........             (no amulet)
HPRegen  0.11/turn              (no ring)
MPRegen  0.09/turn              (no ring)

@: lethally poisoned (-2 -> -8)
A: no striking features
a: Depart the Abyss, Renounce Religion


You were on level 2 of the Dungeon.
You worshipped Lugonu.
Lugonu was aware of your devotion.
You were not hungry.

You visited 1 branch of the dungeon, and saw 2 of its levels.
You visited the Abyss 1 time.

You collected 9 gold pieces.

Inventory:

Hand Weapons
 a - a +1 falchion (weapon)
 f - a +0 dagger
 g - a +0 club
Armour
 b - a +0 leather armour (worn)
Scrolls
 e - a scroll of random uselessness {unknown}
Potions
 d - a potion of heal wounds {unknown}
 h - a potion of lignification {unknown}
Comestibles
 c - 5 rations
 i - 2 chunks of flesh


   Skills:
 + Level 4.0 Fighting
 + Level 0.9(1.9) Short Blades
 * Level 2.9(3.0) Long Blades
 + Level 2.5 Armour
 + Level 1.1 Dodging
 - Level 2.4 Invocations


You had 2 spell levels left.
You didn't know any spells.
Your spell library was empty.

Dungeon Overview and Level Annotations

Branches:
Dungeon (2/15)

Altars:


Message History

The adder is moderately wounded.
* * * LOW HITPOINT WARNING * * *
You feel sick. The adder closely misses you.
You riposte.
You hit the adder.
The adder is heavily wounded.
The kobold hits you but does no damage. The kobold closely misses you.
You barely miss the adder.
The adder is heavily wounded.
* * * LOW HITPOINT WARNING * * *
You feel sick. The adder barely misses you.
The kobold hits you but does no damage. The kobold barely misses you.
You riposte.
You hit the kobold but do no damage. The adder bites you.
* * * LOW HITPOINT WARNING * * *
You hit the adder.
You kill the adder!
Lugonu accepts your kill.
* * * LOW HITPOINT WARNING * * *
You feel sick. The kobold hits you.
* * * LOW HITPOINT WARNING * * *
The kobold hits you.
You die...

#....... ># #.......
.# #....... .#
#....... #####.#####
#.......
#...................
#......>(...........
#.K†K.....><........
#..@# ##########
#.....# #.#...#
......... #..
....... #..........#
#. ........#
#..........#


You could see 2 kobolds.

Vanquished Creatures
  An adder (D:2)
  An ooze (D:1)
  A dart slug (D:1)
  A leopard gecko (D:1)
  2 goblins (D:1)
  3 hobgoblins
  4 jackals (D:1)
  2 bats (D:1)
  A frilled lizard (D:1)
  2 rats (D:1)
18 creatures vanquished.

Notes
Turn   | Place    | Note
-------+----------+-------------------------------------------
     0 | Abyss:1  | Mithandil the Hill Orc Abyssal Knight began the quest for
                  | the Orb.
     0 | Abyss:1  | Reached XP level 1. HP: 19/19 MP: 2/2
    10 | D:1      | Escaped the Abyss
    94 | D:1      | Reached XP level 2. HP: 11/27 MP: 3/3
   101 | D:1      | Reached skill level 1 in Dodging
   738 | D:1      | Reached XP level 3. HP: 33/33 MP: 4/4
   791 | D:1      | Reached skill level 4 in Fighting
   833 | D:2      | Slain by a kobold

Levels and vault maps discovered:
D:1:      dpeg_arrival_oval, layout_basic
D:2:      layout_basic, uniq_sigmund

Skill      XL: |  1  2  3 |
---------------+----------+-----
Dodging        | 1 |  1.1
Fighting       | 4 |  4.0
Short Blades   | |  0.9
Long Blades    | |  2.9
Armour         | |  2.5
Invocations    | |  2.4

Action                   || total
-------------------------++-------
Melee: Falchion          ||    73
Armor: Leather armour    ||    30
Dodge: Dodged            ||    56
       Rpst.: Falchion   ||    18

Table legend:
 A = Non-vault XP
 B = Vault XP
 C = Vault XP percentage of total XP
 D = Non-vault monster count
 E = Vault monster count
 F = Vault count percentage of total count
                 A         B        C        D         E       F
            +---------+---------+-------+---------+---------+-------
      Total |      51 |       0 |   0.0 |      18 |       0 |   0.0
            +---------+---------+-------+---------+---------+-------
        D:1 |      34 |       0 |   0.0 |      15 |       0 |   0.0
        D:2 |      17 |       0 |   0.0 |       3 |       0 |   0.0
            +---------+---------+-------+---------+---------+-------
